 Dungeon Crawl Stone Soup version 0.29.1-2-gbd0b4ee654 (webtiles) character file.

Game seed: 7312187717520399877

18 styxcanada the Sneak (level 2, -2/15 HPs)
             Began as a Spriggan Brigand on Nov 6, 2022.
             Slain by an iguana (13 damage)
             ... on level 2 of the Dungeon.
             The game lasted 00:02:56 (1075 turns).

styxcanada the Sneak (Spriggan Brigand)             Turns: 1075, Time: 00:02:57

Health: -2/15      AC:  3    Str:  7    XL:     2   Next: 51%
Magic:  3/3        EV: 16    Int: 12    God:
Gold:   5          SH:  0    Dex: 16    Spells: 1/1 levels left

rFire   . . .      SeeInvis +   a - +2 dagger
rCold   . . .      Faith    .   (no shield)
rNeg    . . .      Spirit   .   b - +0 robe
rPois   .          Reflect  .   (helmet restricted)
rElec   .          Harm     .   c - +0 cloak
rCorr   .          Rampage  .   (gloves unavailable)
Will    .....                   (boots unavailable)
Stlth   +++.......              (no amulet)
HPRegen 0.05/turn               (no ring)
MPRegen 0.08/turn               (no ring)

@: very quick
A: very small, no large weapons, unfitting armour, see invisible, speed 3
a: no special abilities


You were on level 2 of the Dungeon.
You visited 1 branch of the dungeon, and saw 2 of its levels.

You collected 5 gold pieces.

Inventory:

Hand Weapons
 a - a +2 dagger (weapon)
Missiles
 d - 9 poisoned darts (quivered)
 e - 3 curare-tipped darts
 g - 11 stones
Armour
 b - a +0 robe (worn)
 c - a +0 cloak (worn)


   Skills:
 * Level 1.8 Fighting
 + Level 2.1 Short Blades
 + Level 2.0 Throwing
 * Level 1.8 Dodging
 * Level 6.6 Stealth


You had one spell level left.
You didn't know any spells.
Your spell library was empty.

Dungeon Overview and Level Annotations

Branches:
Dungeon (2/15)

Altars:


Innate Abilities, Weirdness & Mutations

You are very small and have problems with some larger weapons.
You are too small for most types of armour.
You have supernaturally acute eyesight. (SInv)
You cover ground extremely quickly. (Speed+++)


Message History

You kill the bat!
You see here a bat corpse.
You now have 5 gold pieces.
You see here a bat corpse.
There is a large open door here.
There is a large open door here.
There is a large open door here.
There is a large open door here.
There is a large open door here.
There is a large open door here.
There is a large open door here.
There is a large open door here.
Partly explored, can't reach some places.
(D) Dungeon
Where to? (? - help)
What level of the Dungeon? (default 1, ? - help)
There is a stone staircase leading down here.
You climb downwards.
There is a stone staircase leading up here.
Blink to where?
Press: ? - help, Dir - move target
As you read the scroll labelled KEG DOKHLIATZ, it crumbles to dust.
It was a scroll of blinking.
You open the door.
There is an open door here.
An endoplasm comes into view.
An iguana comes into view.
You hit the endoplasm.
The endoplasm is moderately wounded.
The endoplasm freezes you.
You are frozen.
You hit the endoplasm.
You kill the endoplasm!
Found 11 gold pieces.
Found a stone staircase leading down.
A goblin comes into view. It is wielding a +0 dagger.
The goblin shouts!
The iguana hisses angrily.
You hear a shout! x2
You closely miss the iguana. You hit the iguana but do no damage.
The iguana bites you!
Ouch! That really hurt!
You die...

.# ####...# .# ...
.....≈###.#
#g##.$>≈~~....
#.~..≈≈≈~..#.#
.#≈≈~~~~......#
~≈≈...........#
........l.....#
.......@..# ..
.#......#.##### ...
..............# #...#
.#..#.........# ≈≈#..~.
... #.#...#####≈≈≈~~≈~~~
.. ...#.### #.≈≈~~~~~~
.#..###.#######.≈≈≈~~.~.
#.. #.#......~.~~~~~~≈
....###.#........~......


You could see an iguana and a goblin.

Vanquished Creatures
  4 endoplasms
  2 goblins (D:1)
  2 hobgoblins (D:1)
  2 quokkas (D:1)
  A bat (D:1)
  A frilled lizard (D:1)
  A kobold (D:2)
  4 rats (D:1)
17 creatures vanquished.

Notes
Turn   | Place    | Note
-------+----------+-------------------------------------------
     0 | D:1      | styxcanada the Spriggan Brigand began the quest for the
                  | Orb.
     0 | D:1      | Reached XP level 1. HP: 10/10 MP: 2/2
   116 | D:1      | Reached skill level 6 in Stealth
   343 | D:1      | Reached XP level 2. HP: 15/15 MP: 3/3
   399 | D:1      | You fall into a shaft and drop 1 floor!
  1075 | D:2      | Slain by an iguana

Illustrated notes

Levels and vault maps discovered:
D:1:      saegor_arrival_fortress, layout_basic
D:2:      layout_basic, basic_altar, serial_rivers,
          chequers_serial_rivers_large_a, chequers_serial_rivers_small_a,
          chequers_serial_rivers_micro_b, chequers_serial_rivers_small_3,
          chequers_serial_rivers_small_3, amethyst_killhole, uniq_robin,
          uniq_terence

Skill      XL: |  1 |
---------------+----+-----
Stealth        | 6 |  6.6
Fighting       | |  1.8
Short Blades   | |  2.1
Throwing       | |  2.0
Dodging        | |  1.8

Action                   || total
-------------------------++-------
Melee: Dagger            ||    38
       Punch             ||     1
  Use: Scroll            ||     1
 Stab: Sleeping          ||     7
Dodge: Dodged            ||    20
